 Dungeon Crawl Stone Soup version bcrawl-1.28.5 (webtiles) character file.

Game seed: 8695787801895921290

128988 esc the Sneak (level 4, 0/26 HPs)
             Began as a Vine Stalker Archaeologist on Jan 19, 2021.
             Slain by an orc priest
             ... wielding a +0 war axe
              (3 damage)
             ... on level 2 of the Dungeon.
             The game lasted 00:04:04 (1454 turns).

esc the Sneak (Vine Stalker Archaeologist)          Turns: 1454, Time: 00:04:04

Health: 0/26       AC:  6    Str: 10 (13) XL:     4   Next: 8%
Magic:  5/5        EV: 13    Int: 18 (19) God:
Gold:   151        SH:  0    Dex: 11 (14) Spells: 3/3 levels left

rFire    + . .     SeeInvis .     - Fists (4.9)
rCold    + . .     Gourm    .   (no shield)
rNeg     . . .     Faith    .   n - +0 leather armour
rPois    +         Spirit   .   d - +1 hat
rElec    +         Reflect  .   (no cloak)
rCorr    +         Harm     .   (no gloves)
MR       .....                  i - +1 pair of boots
Stlth    ++........             (no amulet)
HPRegen  0.48/turn              k - ring of insulation
MPRegen  0.09/turn              (no ring)

@: brilliant, resistant
A: fangs 2, regeneration 1, no potion heal 3, rot immunity, strong jaws
a: no special abilities


You were on level 2 of the Dungeon.
You were not hungry.

You visited 1 branch of the dungeon, and saw 3 of its levels.

You collected 151 gold pieces.

Inventory:

Hand Weapons
 b - a +0 blowgun
Missiles
 f - 6 curare-tipped needles
 o - 107 poisoned needles
Armour
 c - a +1 robe
 d - a +1 hat (worn)
 i - a +1 pair of boots (worn)
 m - a +0 ring mail
 n - a +0 leather armour (worn)
Jewellery
 k - a ring of insulation (left hand)
Scrolls
 g - 2 scrolls of magic mapping
 p - a scroll of fog
 q - a scroll of enchant armour {unknown}
 r - 2 scrolls of remove curse {unknown}
 t - a scroll of noise {unknown}
 v - a scroll of teleportation {unknown}
 x - a scroll of fear {unknown}
Potions
 a - a potion of magic
Miscellaneous
 h - a dusty tome
Comestibles
 e - 2 rations {!d}


   Skills:
 + Level 2.0 Fighting
   Level 0.8 Maces & Flails
 + Level 4.1 Dodging
 - Level 4.4 Stealth
 + Level 1.8 Unarmed Combat


You had 3 spell levels left.
You didn't know any spells.
Your spell library was empty.

Dungeon Overview and Level Annotations

Branches:
Dungeon (3/12)

Altars:


Innate Abilities, Weirdness & Mutations

You have extremely sharp teeth.
Your natural rate of healing is unusually fast.
Potions cannot restore your health.
You are immune to rotting.
Your bites deal extra damage.


Message History

The orc priest is moderately wounded.
Evoke which item? (* to show all) (? for menu, Esc to quit)
Okay, then.
It was a potion of magic.
Magic courses through your body. The orc priest closely misses you.
It was a potion of curing.
That felt strangely inert.
The orc priest hits you but does no damage.
Okay, then.
It was a potion of resistance.
You feel protected.
The orc priest calls down the wrath of Beogh upon you.
Beogh smites you!
* * * LOW HITPOINT WARNING * * *
It was a potion of brilliance.
You feel clever all of a sudden.
It was a potion of degeneration.
There was something very wrong with that liquid.
You feel weakened.
You feel dopey.
You feel clumsy.
The orc priest hits you with a +0 war axe.
You die...

#........#
###...##..........##
#........#
#.#......######.#
########## #...###### #.##
#....# #..## #########..#.#
##... #............######
######
#........#........####.....
#.........o............####
#......^.#@.......######
#........#......>.#
###################


You could see an orc priest.

Vanquished Creatures
  An adder (D:1)
  An ooze (D:2)
  2 worms (D:1)
  2 dart slugs (D:1)
  3 leopard geckos
  A ball python (D:3)
  4 bats
  3 giant cockroaches
  2 goblins
  2 hobgoblins
  6 kobolds
  3 frilled lizards
  5 rats
35 creatures vanquished.

Notes
Turn   | Place    | Note
-------+----------+-------------------------------------------
     0 | D:1      | esc the Vine Stalker Archaeologist began the quest for the
                  | Orb.
     0 | D:1      | Reached XP level 1. HP: 11/11 MP: 2/2
    62 | D:1      | Reached skill level 1 in Fighting
   270 | D:1      | Reached XP level 2. HP: 16/16 MP: 3/3
   409 | D:1      | Reached skill level 1 in Unarmed Combat
   804 | D:1      | Reached XP level 3. HP: 16/20 MP: 4/4
  1220 | D:2      | Reached XP level 4. HP: 26/26 MP: 5/5
  1454 | D:2      | Slain by an orc priest

Skill      XL: |  1  2  3 |
---------------+----------+-----
Fighting       | 1 2 |  2.0
Unarmed Combat | 1 |  1.8
Dodging        | 4 |  4.1
Maces & Flails | |  0.8
Stealth        | |  4.4

Action                   |  1- 3 |  4- 6 || total
-------------------------+-------+-------++-------
Melee: Unarmed           |   237 |    20 ||   257
       Bite              |    24 |     3 ||    27
  Use: Scroll            |     1 |       ||     1
       Potion            |       |     5 ||     5
 Stab: Sleeping          |     9 |     1 ||    10
  Eat: Chunk             |     3 |     1 ||     4
       Ration            |     1 |       ||     1
Armor: Robe              |    12 |       ||    12
       Leather armour    |    59 |     2 ||    61
Dodge: Dodged            |   165 |    16 ||   181
